 Dungeon Crawl Stone Soup version 0.30-a0-715-gdb4ae3ece1 (webtiles) character file.

Game seed: 3498700833028555575

104 Dirtsage the Changer (level 4, 0/28 HPs)
             Began as an Octopode Transmuter on Jan 19, 2023.
             Slain by an iguana (13 damage)
             ... on level 5 of the Dungeon on Jan 23, 2023.
             The game lasted 00:07:13 (3368 turns).

Dirtsage the Changer (Octopode Transmuter)          Turns: 3368, Time: 00:07:14

Health: 0/28       AC:  1    Str:  9    XL:     4   Next: 80%
Magic:  7/7        EV: 13    Int: 17    God:
Gold:   147        SH:  0    Dex: 12    Spells: 0/7 levels left

rFire   . . .      SeeInvis .      - Unarmed
rCold   . . .      Faith    .    (no shield)
rNeg    . . .      Spirit   .    (helmet currently unavailable)
rPois   .          Reflect  .    h - amulet of magic regeneration
rElec   .          Harm     .    (no ring)
rCorr   .          Rampage  .    (no ring)
Will    .....                    (no ring)
Stlth   ++                       (no ring)
HPRegen 0.24/turn                (no ring)
MPRegen 0.50/turn                (no ring)
                                 (no ring)
                                 (no ring)

@: appendages (expiring)
A: tentacle spike 3, almost no armour, amphibious, 8 rings, camouflage 1,
gelatinous body 1, (nimble swimmer 1), tentacles
a: End Transformation


You were on level 5 of the Dungeon.
One of your tentacles had grown a beastly spike.
You visited 1 branch of the dungeon, and saw 5 of its levels.

You collected 199 gold pieces.
You spent 52 gold pieces at shops.

Inventory:

Jewellery
 h - an amulet of magic regeneration (around mantle)
Scrolls
 e - a scroll of acquirement {unknown}
 f - a scroll of vulnerability
 g - 3 scrolls of enchant armour
 i - 4 scrolls of identify
 j - a scroll of teleportation {unknown}
 k - a scroll of poison {unknown}
 m - a scroll of enchant weapon {unknown}
 n - a scroll of magic mapping {unknown}
 o - 2 scrolls of fog {unknown}
Potions
 a - a potion of lignification
 b - a potion of mutation {unknown}
 c - a potion of might {unknown}
 d - a potion of brilliance {unknown}
 l - 2 potions of heal wounds
 q - 3 potions of curing


   Skills:
 - Level 1.0 Fighting
 - Level 2.0 Dodging
 - Level 3.0 Unarmed Combat
 - Level 2.0 Spellcasting
 + Level 3.6 Transmutations
 + Level 2.8 Ice Magic


You couldn't memorise any spells.
You knew the following spells:

 Your Spells              Type           Power      Damage    Failure   Level
a - Beastly Appendage     Tmut           28%        N/A       4%          1
b - Wereblood             Tmut           14%        N/A       6%          2
c - Ice Form              Ice/Tmut       12%        N/A       45%         4

Your spell library contained the following spells:

 Spells                   Type           Power      Damage    Failure   Level
 Magic Dart               Conj           4%         1d3       19%         1
 Spider Form              Tmut/Pois      7%         N/A       26%         3
 Cigotuvi's Dreadful Rot  Necr/Pois/Air  2%         N/A       28%         2
 Poisonous Vapours        Pois/Air       2%         N/A       28%         2
 Searing Ray              Conj           2%         2d4       28%         2
 Mephitic Cloud           Conj/Pois/Air  1%         N/A       50%         3
 Fulminant Prism          Conj/Hex       0%         3d5       88%         4


Dungeon Overview and Level Annotations

Branches:
Dungeon (5/15)
 Temple: D:4-7

Altars:
Makhleb
Ru
Zin

Shops:
D:2 =(!?   D:4 [


Innate Abilities, Weirdness & Mutations

One of your tentacles has grown a beastly spike.
You cannot wear most types of armour.
You are amphibious.
You can wear up to eight rings at the same time.
Your skin changes colour to match your surroundings (Stealth+).
Your rubbery body absorbs attacks. (AC +1, EV +1)
((You are camouflaged when in or above water. (Stealth+)))
You have tentacles for arms and can constrict up to eight enemies at once.


Message History

Found a sacrificial altar of Ru.
Done exploring.
Done exploring.
There is a stone staircase leading down here.
You climb downwards.
There is a stone staircase leading up here.
i - 4 scrolls of identify (gained 1)
An iguana comes into view.
Casting: Beastly Appendage (safe; 4% risk of failure)
Confirm with . or Enter, or press ? or * to list all spells.
One of your tentacles grows a vicious spike.
You now have 6/7 mp.
MP restored: 7 A white imp comes into view.
The iguana bites you!
You take 11 damage, and have 17/28 hp.
MASSIVE DAMAGE!!
You are too injured to fight recklessly!
You are too injured to fight recklessly!
There are monsters nearby!
Your transformation is almost over.
The iguana attacks as you move away! The iguana barely misses you.
You tentacle-slap the iguana but do no damage.
You grab the iguana.
You pierce the iguana.
The iguana is lightly wounded.
You constrict the iguana, but do no damage.
You tentacle-slap the iguana but do no damage.
You pierce the iguana, but do no damage.
You squeeze the iguana.
The iguana is moderately wounded.
You constrict the iguana. The iguana bites you.
You take 4 damage, and have 13/28 hp.
You tentacle-slap the iguana.
You pierce the iguana, but do no damage.
The iguana is heavily wounded.
You constrict the iguana. The iguana barely misses you.
You tentacle-slap the iguana but do no damage.
The iguana is heavily wounded.
You constrict the iguana, but do no damage.
The iguana bites you!
You die...

#.....# #####.[...##
#..........#
#.####.#.#.# #.#
##.##.# #.# #.##.#
#.#####.##.# .
#....<..##.##### ##.#
#............@.# 5..##
#...######.###l#.....#
#...# #.# #..# #...#
#.# #..# #...# #.#
#..# #.... ..# #)#.
##..## ### #.##. #...
... ## ...


You could see an iguana.

Vanquished Creatures
  5 adders
  A worm (D:3)
  A dart slug (D:3)
  4 giant cockroaches
  2 goblins
  5 hobgoblins
  5 quokkas
  5 ball pythons
  2 bats
  16 frilled lizards
  5 kobolds
  6 rats
57 creatures vanquished.

Vanquished Creatures (others)
  6 plants (D:2)
6 creatures vanquished.

Grand Total: 63 creatures vanquished

Notes
Turn   | Place    | Note
-------+----------+-------------------------------------------
     0 | D:1      | Dirtsage the Octopode Transmuter began the quest for the
                  | Orb.
     0 | D:1      | Reached XP level 1. HP: 13/13 MP: 3/3
    85 | D:1      | Reached skill level 1 in Ice Magic
    85 | D:1      | Reached XP level 2. HP: 15/18 MP: 3/5
   239 | D:1      | Found a faded altar of an unknown god.
   503 | D:2      | Learned a level 2 spell: Wereblood
   532 | D:2      | Found Rawitaoca's Magic Scroll Emporium.
   543 | D:2      | Bought a scroll of identify for 26 gold pieces
   543 | D:2      | Bought a scroll of identify for 26 gold pieces
   552 | D:2      | Upgraded the game from 0.30-a0-691-g754fce4c43 to
                  | 0.30-a0-715-gdb4ae3ece1
   583 | D:2      | Reached XP level 3. HP: 13/23 MP: 3/6
   773 | D:2      | Found Noxostae's Antique Weapon Emporium.
  1099 | D:2      | Found Fupatec's Distillery.
  1151 | D:2      | Found Aptoefeod's Jewellery Emporium.
  1244 | D:3      | Reached XP level 4. HP: 28/28 MP: 7/7
  1273 | D:3      | Learned a level 4 spell: Ice Form
  2404 | D:4      | Identified the +2 hand axe of Dishonour {venom, Will+ Dex+6
                  | Stlth-}
  2469 | D:4      | Found Valost's Armour Shop.
  2794 | D:4      | Found a glowing silver altar of Zin.
  3282 | D:4      | Found a burning altar of Makhleb.
  3301 | D:4      | Found a sacrificial altar of Ru.
  3330 | D:5      | Entered Level 5 of the Dungeon
  3368 | D:5      | Slain by an iguana

Illustrated notes

Levels and vault maps discovered:
D:1:      dpeg_arrival_short_road, layout_rooms,
          shapermc_ecumenical_altar_notcrosses
D:2:      layout_rooms, serial_shops, shop, nicolae_square_shop,
          nicolae_square_shop, shop, st_stairs_1, minmay_lizard_king
D:3:      layout_basic
D:4:      layout_basic, zin_treasury, nicolae_ru_the_path_less_chosen,
          lightli_temple_of_fire, serial_shops, shop
D:5:      nicolae_cairo_tiling, layout_loops_ring, ebering_ghost_sewer_d,
          corexii_checkpoint_a

Skill      XL: |  1  2  3 |
---------------+----------+-----
Ice Magic      | 1 2 |  2.8
Transmutations | 3 |  3.6
Fighting       | |  1.0
Dodging        | |  2.0
Unarmed Combat | |  3.0
Spellcasting   | |  2.0

Action                     |  1- 3 |  4- 6 || total
---------------------------+-------+-------++-------
  Melee: Unarmed           |    81 |    45 ||   126
         Constrict         |    25 |    14 ||    39
         Kick              |    16 |     9 ||    25
         Tentacles         |    14 |     7 ||    21
         Punch             |     2 |     2 ||     4
   Cast: Beastly Appendage |    13 |     9 ||    22
         Wereblood         |     3 |     2 ||     5
    Use: Scroll            |     4 |       ||     4
   Stab: Sleeping          |     5 |     1 ||     6
 Armour: Skin              |     6 |     5 ||    11
  Dodge: Dodged            |    43 |    25 ||    68

Table legend: (Time is in decaauts)
 A = Elapsed time spent in this place.
 B = Non-inter-level travel time spent in this place.
 C = Inter-level travel time spent in this place.
 D = Time resting spent in this place.
 E = Time spent auto-exploring this place.
 F = Levels seen in this place.
 G = Mean time per level.
                   A        B        C        D        E       F      G
               +--------+--------+--------+--------+--------+-----+--------+
         Total |   3358 |   3267 |     91 |      0 |   2880 |   5 |  671.6 |
       Dungeon |   3358 |   3267 |     91 |      0 |   2880 |   5 |  671.6 |
               +--------+--------+--------+--------+--------+-----+--------+

Top non-repeatable levels by time:
     D:3: 1119 daAuts
     D:4: 988 daAuts
     D:2: 723 daAuts
     D:1: 489 daAuts
     D:5: 37 daAuts
